Map: Cactus Valley LE (Void)

Players

티아코스모스

  • Race: Zerg Zerg
  • League: Grandmaster
  • Spawn Location: 1:00

NORTHAMERICA - Winner!

  • Race: Protoss Protoss
  • League: Grandmaster
  • Spawn Location: 5:00

VOD

Have the link to the VOD?

Description

Time

  • Played on: March 20, 2017, 2:12 a.m.
  • Length: 20:36
Show
View Real Time Build Order
Export as new Build Order

티아코스모스 Zerg 

Build Orders: Pool First 

Get SALT Encoding   

  12  0:00  Drone  
  13  0:08  Drone  
  14  0:17  Overlord  
  14  0:34  Extractor, Drone  
  14  0:35  Drone x2  
  16  0:46  Spawning Pool  
  15  0:50  Drone  
  15  0:56  Drone  
  17  1:07  Drone  
  18  1:23  Hatchery  
  18  1:25  Drone  
  18  1:33  Zergling x2  
  19  1:40  Queen  
  21  1:53  Roach Warren  
  21  1:54  Drone  
  21  1:57  Drone  
  22  2:04  Overlord  
  22  2:16  Burrow  
  22  2:33  Roach x3  
  28  2:46  Roach x2  
  28  2:47  Roach  
  34  2:54  Evolution Chamber, Overlord  
  34  2:57  Drone  
  34  3:01  Roach  
  36  3:19  Drone x2  
  38  3:27  Queen  
  40  3:40  Roach x3  
  40  3:42  Drone  
  41  3:53  Drone  
  41  3:55  Overlord, Drone  
  43  3:56  Roach  
  43  4:01  Drone  
  44  4:08  Overlord  
  44  4:10  Overlord  
  38  4:20  Roach x2  
  38  4:21  Drone  
  38  4:22  Drone x4, Hatchery  
  38  4:42  Drone  
  38  4:43  Drone x6  
  41  4:53  Zergling x2  
  41  4:54  Zerg Melee Weapons Level 1, Metabolic Boost  
  42  5:00  Zergling x6  
  42  5:06  Zergling x2  
  47  5:07  Zergling x2  
  47  5:11  Queen  
  49  5:16  Zergling x2  
  49  5:17  Zergling x12  
  56  5:35  Extractor  
  55  5:37  Lair  
  55  5:41  Zergling x2, Overlord  
  56  5:43  Roach x3  
  56  5:44  Drone x3  
  56  5:45  Queen  
  67  5:57  Drone x6  
  67  6:03  Zergling x2  
  67  6:21  Drone x2  
  67  6:22  Zergling x2  
  70  6:25  Drone  
  70  6:26  Drone x6  
  70  6:28  Roach  
  70  6:32  Extractor  
  78  6:38  Zergling x2  
  78  6:39  Zergling x4  
  81  6:40  Extractor  
  81  6:45  Overlord x3  
  81  6:46  Overlord  
  80  6:50  Zerg Melee Weapons Level 2  
  80  7:01  Zergling x2  
  80  7:05  Overlord  
  80  7:06  Drone  
  80  7:07  Drone x3  
  84  7:09  Drone x3  
  84  7:25  Zergling x2, Roach x2  
  84  7:26  Zergling x10  
  93  7:31  Extractor  
  92  7:42  Roach x3  
  92  7:43  Zergling x10  
  103  7:47  Zergling x2  
  104  7:51  Zergling x2  
  106  7:58  Zergling x12  
  106  8:04  Ravager x3  
  106  8:05  Ravager  
  115  8:06  Roach x3  
  115  8:10  Overlord x4  
  121  8:13  Hatchery  
  120  8:28  Ravager  
  120  8:29  Roach, Ravager x2  
  124  8:35  Zergling x12  
  124  8:37  Ravager x3  
  133  8:49  Zergling x2  
  114  9:03  Roach  
  114  9:04  Zergling x12, Roach x5  
  114  9:05  Zergling x2  
  114  9:07  Zergling x2  
  120  9:30  Zergling x2  
  120  9:31  Zergling x14  
  126  9:32  Zergling x2  
  122  9:44  Roach  
  122  9:45  Roach x10  
  125  10:01  Zergling x2, Roach  
  125  10:02  Zergling x6  
  125  10:04  Zerg Missile Weapons Level 1, Spire  
  116  10:27  Roach x3  
  116  10:28  Roach x4  
  103  10:29  Zergling x8  
  103  10:35  Extractor  
  106  10:41  Overlord  
  106  10:43  Zergling x8  
  106  10:44  Zergling x4  
  112  10:58  Zergling x2  
  112  10:59  Zergling x6, Hatchery  
  112  11:03  Queen  
  117  11:15  Mutalisk  
  117  11:16  Mutalisk x12  
  143  11:18  Zerg Flyer Weapons Level 1  
  143  11:24  Ravager x6  
  148  11:28  Zergling x8  
  152  11:34  Zergling x2  
  152  11:35  Ravager  
  152  11:36  Drone x9  
  163  11:48  Drone x4  
  163  11:51  Extractor  
  166  11:58  Zerg Missile Weapons Level 2  
  166  11:59  Hydralisk Den  
  163  12:08  Mutalisk  
  163  12:09  Mutalisk  
  163  12:10  Overlord x2  
  167  12:20  Overlord  
  167  12:22  Overlord x2  
  167  12:23  Extractor, Overlord  
  152  12:57  Mutalisk x11  
  165  12:59  Zergling x2  
  165  13:00  Zergling x26  
  179  13:07  Overlord  
  179  13:10  Drone x4  
  183  13:15  Zergling x4  
  183  13:16  Zergling x6  
  183  13:18  Drone  
  189  13:23  Drone x3  
  192  13:29  Zergling x12  
  194  13:38  Zergling x12  
  189  13:45  Zergling x8  
  174  14:00  Zergling x20  
  113  14:11  Zergling x2  
  113  14:12  Zergling x12  
  98  14:19  Zergling x2  
  98  14:20  Zergling x4  
  98  14:21  Zergling x2  
  83  14:25  Zergling x4  
  71  14:35  Drone  
  68  14:43  Drone  
  68  14:44  Drone x7  
  75  14:47  Drone  
  75  14:52  Zergling x4  
  78  15:01  Drone  
  78  15:02  Drone  
  80  15:07  Zergling x4  
  81  15:27  Zergling x2  
  81  15:28  Zergling x2  
  82  15:38  Overlord  
  82  15:41  Overseer x2  
  82  15:42  Pneumatized Carapace  
  63  15:53  Zergling x34  
  63  15:54  Zergling x10  
  77  16:00  Zergling x4  
  76  16:05  Zergling x2  
  77  16:18  Spore Crawler  
  74  16:21  Drone x4  
  74  16:23  Drone  
  74  16:24  Drone  
  80  16:26  Zergling x2  
  80  16:29  Zergling x2  
  75  16:40  Zergling x2  
  75  16:44  Spore Crawler  
  66  17:04  Roach x6  
  66  17:05  Roach  
  71  17:09  Roach  
  71  17:11  Roach  
  70  17:20  Roach x3  
  76  17:38  Ravager x5  
  76  17:39  Ravager x4  
  83  17:50  Ravager  
  83  17:51  Overseer, Ravager x2  
  84  18:01  Hatchery  
  83  18:10  Roach  
  85  18:15  Roach  
  75  18:31  Roach x4  
  83  18:38  Roach  
  83  18:39  Drone  
  83  18:40  Drone  
  87  18:45  Roach  
  89  18:52  Roach  
  90  19:05  Roach  
  87  19:12  Roach  
  87  19:13  Roach  
  87  19:14  Roach x2  
  92  19:21  Roach  
  92  19:22  Ravager x4  
  92  19:23  Ravager x2  
  97  19:28  Roach  
  97  19:30  Roach  
  98  19:33  Roach  
  100  19:40  Roach x3  
  93  19:49  Roach  
  89  19:55  Roach  
  89  19:59  Roach  
  89  20:02  Roach  
  89  20:03  Ravager  
  89  20:04  Ravager x3  
  89  20:05  Roach  
Show
View Real Time Build Order
Export as new Build Order

NORTHAMERICA Protoss - Winner!

Build Orders: Nexus First 

Get SALT Encoding   

  12  0:01  Probe (Chrono Boost)  
  13  0:11  Probe (Chrono Boost)  
  14  0:23  Pylon  
  14  0:24  Probe (Chrono Boost)  
  15  0:42  Probe (Chrono Boost)  
  16  0:52  Probe (Chrono Boost)  
  17  1:02  Nexus  
  17  1:12  Gateway  
  17  1:14  Probe (Chrono Boost)  
  18  1:24  Assimilator  
  18  1:28  Assimilator, Probe (Chrono Boost)  
  19  1:39  Probe (Chrono Boost)  
  20  1:49  Probe (Chrono Boost)  
  21  2:00  Cybernetics Core, Probe (Chrono Boost)  
  22  2:10  Probe (Chrono Boost)  
  22  2:14  Pylon, Probe (Chrono Boost)  
  24  2:20  Zealot  
  24  2:21  Probe (Chrono Boost)  
  27  2:25  Probe (Chrono Boost)  
  28  2:31  Probe (Chrono Boost)  
  28  2:35  Probe (Chrono Boost)  
  30  2:42  Mothership Core (Chrono Boost), Warp Gate  
  30  2:43  Stalker  
  33  2:55  Robotics Facility  
  34  2:59  Probe (Chrono Boost)  
  34  3:01  Probe (Chrono Boost)  
  35  3:10  Sentry  
  35  3:12  Probe (Chrono Boost)  
  36  3:17  Gateway  
  38  3:20  Gateway  
  38  3:22  Probe (Chrono Boost)  
  39  3:30  Probe (Chrono Boost)  
  40  3:35  Pylon  
  38  3:41  Observer  
  38  3:47  Probe (Chrono Boost)  
  40  3:54  Pylon, Probe (Chrono Boost)  
  41  3:58  Immortal  
  41  3:59  Probe (Chrono Boost)  
  40  4:06  Probe (Chrono Boost)  
  46  4:11  Probe (Chrono Boost)  
  43  4:18  Probe (Chrono Boost)  
  43  4:23  Probe (Chrono Boost)  
  42  4:30  Probe (Chrono Boost)  
  41  4:34  Immortal  
  41  4:35  Probe (Chrono Boost)  
  43  4:42  Probe (Chrono Boost)  
  44  4:48  Probe (Chrono Boost)  
  46  4:54  Probe (Chrono Boost)  
  46  4:59  Probe (Chrono Boost)  
  47  5:04  Probe (Chrono Boost)  
  48  5:10  Sentry, Probe (Chrono Boost)  
  48  5:11  Warp Prism  
  53  5:15  Probe (Chrono Boost)  
  53  5:20  Sentry, Probe (Chrono Boost)  
  53  5:21  Forge, Pylon  
  57  5:25  Probe (Chrono Boost)  
  58  5:29  Pylon  
  58  5:31  Probe (Chrono Boost)  
  59  5:37  Gateway, Probe (Chrono Boost)  
  59  5:41  Gateway, Probe (Chrono Boost)  
  61  5:44  Pylon  
  61  5:45  Observer  
  61  5:49  Probe (Chrono Boost)  
  63  5:52  Probe (Chrono Boost)  
  63  5:54  Protoss Ground Weapons Level 1  
  64  6:01  Probe (Chrono Boost)  
  64  6:02  Assimilator  
  64  6:03  Probe (Chrono Boost)  
  66  6:06  Pylon  
  66  6:07  Assimilator  
  66  6:19  Probe (Chrono Boost)  
  66  6:24  Probe (Chrono Boost)  
  68  6:30  Adept x3, Probe (Chrono Boost)  
  75  6:35  Stargate  
  75  6:39  Pylon  
  75  6:40  Pylon  
  75  6:51  Probe (Chrono Boost)  
  76  6:56  Probe (Chrono Boost)  
  76  6:58  Twilight Council  
  76  7:02  Probe (Chrono Boost)  
  76  7:03  Pylon  
  76  7:04  Adept  
  76  7:07  Observer  
  80  7:08  Probe (Chrono Boost)  
  80  7:13  Nexus  
  80  7:15  Photon Cannon  
  81  7:19  Photon Cannon  
  81  7:25  Probe (Chrono Boost)  
  82  7:30  Probe (Chrono Boost)  
  82  7:32  Robotics Bay  
  82  7:36  Probe (Chrono Boost)  
  83  7:39  Nexus  
  83  7:47  Probe (Chrono Boost)  
  84  7:56  Adept x4  
  84  7:57  Adept  
  94  8:00  Resonating Glaives, Probe (Chrono Boost)  
  96  8:07  Photon Cannon, Probe (Chrono Boost)  
  96  8:10  Probe (Chrono Boost)  
  97  8:14  Photon Cannon x2  
  97  8:16  Pylon, Gateway  
  97  8:18  Colossus, Gateway  
  97  8:21  Gateway  
  97  8:23  Gateway  
  97  8:25  Probe (Chrono Boost)  
  104  8:34  Assimilator, Probe (Chrono Boost)  
  105  8:36  Probe (Chrono Boost)  
  105  8:39  Assimilator  
  105  8:40  Protoss Ground Weapons Level 2  
  106  8:44  Pylon  
  106  8:46  Pylon, Probe (Chrono Boost)  
  106  8:47  Sentry x3  
  111  8:49  Adept  
  111  9:02  Adept  
  111  9:09  Disruptor  
  113  9:11  Probe (Chrono Boost)  
  113  9:16  Adept x4  
  121  9:17  Adept x2  
  121  9:23  Adept  
  109  9:37  Adept x4  
  115  9:40  Disruptor  
  115  9:43  Adept x2  
  121  9:49  Probe (Chrono Boost)  
  122  9:58  Probe (Chrono Boost)  
  117  10:01  Zealot x2  
  117  10:02  Zealot x2  
  117  10:05  Cybernetics Core  
  125  10:17  Zealot x4  
  125  10:18  Disruptor  
  114  10:34  Probe (Chrono Boost)  
  115  10:37  Photon Cannon  
  115  10:40  Photon Cannon  
  115  10:53  Fleet Beacon  
  115  10:59  Disruptor  
  115  11:01  Stargate  
  118  11:20  Phoenix  
  120  11:30  Nexus  
  120  11:31  Pylon  
  118  11:37  Anion Pulse-Crystals  
  118  11:40  Stalker x3  
  118  11:42  Phoenix  
  118  11:43  Phoenix  
  118  11:45  Mothership Core (Chrono Boost)  
  130  11:59  Photon Cannon  
  130  12:02  Stalker x2, Photon Cannon  
  130  12:04  Phoenix  
  130  12:06  Phoenix  
  134  12:25  Phoenix  
  134  12:28  Phoenix  
  134  12:29  Adept x3, Probe (Chrono Boost)  
  143  12:36  Adept x3  
  138  12:47  Phoenix  
  140  12:53  Phoenix  
  140  13:11  Phoenix  
  140  13:13  Nexus, Dark Shrine  
  140  13:14  Pylon  
  142  13:20  Adept x2  
  142  13:21  Adept  
  148  13:33  Pylon  
  148  13:37  Disruptor  
  133  13:48  Phoenix  
  128  13:59  Adept x2  
  128  14:00  Adept x6  
  136  14:13  Disruptor  
  104  14:20  Phoenix x2  
  82  14:26  Adept x4  
  81  14:59  Dark Templar x2  
  85  15:07  Dark Templar  
  79  15:38  Adept x4  
  79  15:59  Probe (Chrono Boost)  
  79  16:00  Phoenix  
  81  16:27  Probe (Chrono Boost)  
  77  16:47  Templar Archives  
  77  16:51  Dark Templar  
  79  16:55  Pylon  
  79  16:58  Dark Templar x2  
  79  16:59  Dark Templar x2  
  84  17:22  Observer  
  85  17:23  Archon x2  
  85  17:28  High Templar x4  
  93  17:32  Dark Templar  
  93  17:35  Archon x2  
  93  17:36  Probe (Chrono Boost)  
  95  17:38  Photon Cannon  
  95  17:39  Photon Cannon  
  95  17:54  Disruptor  
  97  18:18  Nexus  
  93  18:39  Stalker x4  
  101  19:15  Disruptor  
  104  19:30  Stalker x2  
  104  19:56  Stalker x3  
  104  19:57  Stalker  
  94  20:26  Stalker  
  94  20:27  Stalker x4  
Tags
 
Add a new tag
Caveats
  • Supply blocks, unpowered buildings, or Contaminate may cause inaccurate times.
  • Supply counts are checked every 10 seconds.